 Dungeon Sprint DCSS version 0.27-a0-1245-g940ed4fa31 (webtiles) character file.

Game seed: 3516084812157596721

5 mhtbhm the Scratcher (level 1, -3/13 HPs)
             Began as a Felid Transmuter on June 9, 2021.
             Slain by an ogre
             ... wielding a +0 giant spiked club
              (16 damage)
             ... in the Dungeon (Sprint IX: "|||||||||||||||||||||||||||||").
             The game lasted 00:00:13 (51 turns).

mhtbhm the Scratcher (Felid Transmuter)               Turns: 51, Time: 00:00:14

Health: -3/13      AC:  1    Str:  6    XL:     1   Next: 66%
Magic:  2/4        EV: 18    Int: 14    God:
Gold:   0          SH:  0    Dex: 16    Spells: 3/4 levels left
                                        Lives:  0   Deaths: 0

rFire    . . .     SeeInvis +     - Unarmed
rCold    . . .     Faith    .   (shield unavailable)
rNeg     . . .     Spirit   .   (armour unavailable)
rPois    .         Reflect  .   (helmet unavailable)
rElec    .         Harm     .   (cloak unavailable)
rCorr    .         Rampage  .   (gloves unavailable)
Will     .....     NoTele   +   (boots unavailable)
Stlth    ..........             (no amulet)
HPRegen  0.04/turn              (no ring)
MPRegen  0.09/turn              (no ring)

@: berserking, appendages, very quick
A: horns 2, very small, claws 1, fangs 3, see invisible, speed 1, shaggy fur 1,
stealthy paws, no weapons or thrown items, no armour, multi-lived
a: End Transformation


You were in the Dungeon.
You had temporarily grown beastly horns.
You visited 1 branch

Inventory:

Scrolls
 g - a scroll of blinking
Potions
 b - a potion of curing
 c - a potion of heal wounds
 d - a potion of haste
 e - 2 potions of magic


   Skills:
 + Level 1.0 Fighting
 + Level 3.2 Dodging
 + Level 3.9 Unarmed Combat
 + Level 2.3 Spellcasting
 + Level 2.5 Transmutations


You had 3 spell levels left.
You knew the following spells:

 Your Spells              Type           Power      Damage    Failure   Level
a - Beastly Appendage     Tmut           16%        N/A       9%          1

Your spell library contained the following spells:

 Spells                   Type           Power      Damage    Failure   Level
 Wereblood                Tmut           8%         N/A       12%         2
 Spider Form              Tmut/Pois      2%         N/A       38%         3
 Ice Form                 Ice/Tmut       5%         N/A       80%         4


Dungeon Overview and Level Annotations

Branches:
Dungeon (1/1)

Altars:


Innate Abilities, Weirdness & Mutations

You have temporarily grown beastly horns.
You have sharp claws.
You have razor-sharp teeth.
You have supernaturally acute eyesight. (SInv)
You cover ground quickly. (Speed+)
You are covered in fur. (AC +1)
Your paws help you pounce on unaware monsters.
You are incapable of wielding weapons or throwing items.
You cannot wear armour.
You gain extra lives every three experience levels.


Message History

Your transformation is almost over.
The hobgoblin misses you.
You scratch the hobgoblin.
You kill the hobgoblin!
You scratch the kobold.
You kill the kobold!
Things that are here:
a +0 club; a kobold corpse You start resting.
Magic restored.
You start resting.
Your horns disappear.
You start resting.
HP restored.
You open the door. 2 scorpions, an orc, an ogre and a white imp come into view.
The orc shouts!
The ogre shouts!
You aren't carrying any items that you can evoke.
Casting: Beastly Appendage (safe; 9% risk of failure)
Confirm with . or Enter, or press ? or * to list all spells.
You miscast Beastly Appendage.
You are very lightly contaminated with residual magic.
Nothing appears to happen.
Things that are here:
a +0 club; a kobold corpse
There is an open door to the Dungeon here.
Casting: Beastly Appendage (safe; 9% risk of failure)
Confirm with . or Enter, or press ? or * to list all spells.
You grow a pair of large bovine horns.
There is a staircase leading out of the dungeon here.
A red film seems to cover your vision as you go berserk!
You feel yourself moving faster!
You feel mighty! The ogre closely misses you.
Your magical contamination has completely faded away.
You barely miss the ogre. You headbutt the ogre!
The ogre is moderately wounded.
You claw the ogre!
The ogre is severely wounded.
The ogre hits you with a +0 giant spiked club!
Ouch! That really hurt!
You die...

▓.▓
▓.▓
▓.▓
▓5▓
▓s▓
▓o▓
▓s▓
▓O▓
▓@▓
▓▓▓


You could see an ogre, 2 scorpions, a white imp and an orc.

Vanquished Creatures
  An endoplasm (D)
  A hobgoblin (D)
  A jackal (D)
  A kobold (D)
  A rat (D)
5 creatures vanquished.

Notes
Turn   | Place    | Note
-------+----------+-------------------------------------------
     0 | D        | mhtbhm the Felid Transmuter began the quest for the Orb.
     0 | D        | Reached XP level 1. HP: 9/9 MP: 4/4
    37 | D        | Noticed a scorpion
    37 | D        | Noticed a scorpion
    37 | D        | Noticed an ogre
    51 | D        | Slain by an ogre

Illustrated notes

Levels and vault maps discovered:
D:        linesprint [early_d, line_temple, items_1, d_10, items_2, lair_1,
          lair_end, items_3, orc_1, orc_end, items_4, d_15, swamp_1, shoals_1,
          snake_1, spider_1, d_20, vaults_1, items_5, swamp_end, shoals_end,
          snake_end, spider_end, vaults_end, d_27, items_6, zot_1, zot_end,
          crypt_end, forest_end, elf_end, slime_end, tomb_end, abyss_end,
          pan_hell_end]

Skill      XL: |  1 |
---------------+----+-----
Dodging        | 3 |  3.2
Fighting       | |  1.0
Unarmed Combat | |  3.9
Spellcasting   | |  2.3
Transmutations | |  2.5

Action                   || total
-------------------------++-------
Melee: Unarmed           ||     8
       Headbutt          ||     2
 Cast: Beastly Appendage ||     2
  Use: Potion            ||     1
Dodge: Dodged            ||     2

Table legend: (Time is in decaauts)
 A = Elapsed time spent in this place.
 B = Non-inter-level travel time spent in this place.
 C = Inter-level travel time spent in this place.
 D = Time resting spent in this place.
 E = Time spent auto-exploring this place.
 F = Levels seen in this place.
 G = Mean time per level.
                   A        B        C        D        E       F      G
               +--------+--------+--------+--------+--------+-----+--------+
         Total |     46 |     46 |      0 |     20 |      0 |   1 |   46.0 |
       Dungeon |     46 |     46 |      0 |     20 |      0 |   1 |   46.0 |
               +--------+--------+--------+--------+--------+-----+--------+

Top non-repeatable levels by time:
       D: 46 daAuts
